 Dungeon Crawl Stone Soup version 0.20-a0-214-gb74cb0e (webtiles) character file.

221 tboon the Chopper (level 5, -1/48 HPs)
             Began as a Minotaur Fighter on Nov 27, 2016.
             Slain by an elf zombie (5 damage)
             ... in an ossuary.
             The game lasted 00:07:13 (2196 turns).

tboon the Chopper (Minotaur Fighter)                Turns: 2196, Time: 00:07:14

Health: -1/48      AC:  8    Str: 26    XL:     5   Next: 65%
Magic:  4/4        EV:  7    Int:  6    God:
Gold:   186        SH:  9    Dex:  9    Spells: 4/4 levels left

rFire  . . .     SeeInvis .     a - +0 war axe
rCold  . . .     Gourm    .     b - +0 scale mail
rNeg   . . .     Faith    .     c - +0 shield
rPois  .         Spirit   .     (helmet restricted)
rElec  .         Reflect  .     (no cloak)
rCorr  .         Harm     .     j - +0 pair of gloves
MR     .....                    (no boots)
Stlth  ..........               (no amulet)
                                (no ring)
                                (no ring)

@: mighty
A: retaliatory headbutt, horns 2
a: no special abilities


You were in an ossuary.
You were hungry.

You visited 1 branch of the dungeon, and saw 4 of its levels.
You also visited: Ossuary.

You collected 186 gold pieces.

Inventory:

Hand Weapons
 a - a +0 war axe (weapon)
 p - a +3 mace
   (You found it on level 2 of the Dungeon)
Armour
 b - a +0 scale mail (worn)
 c - a +0 shield (worn)
 j - a +0 pair of gloves (worn)
   (You found it on level 1 of the Dungeon)
Jewellery
 A - an uncursed ring of positive energy {unknown}
   (You found it on level 4 of the Dungeon)
Scrolls
 g - 7 scrolls of teleportation
 l - a scroll of blinking {unknown}
 o - a scroll of remove curse {unknown}
 r - a scroll of magic mapping {unknown}
 s - a scroll of identify {unknown}
 t - a scroll of fear {unknown}
 y - a scroll of fog {unknown}
Potions
 e - 2 potions of curing {unknown}
 i - 4 potions of heal wounds {unknown}
 n - 2 potions of agility {unknown}
 q - a potion of mutation {unknown}
 u - a potion of flight {unknown}
 w - a potion of degeneration {unknown}
 x - 2 potions of haste {unknown}
 z - a potion of ambrosia {unknown}
Comestibles
 f - 6 bread rations
 h - 2 royal jellies
 k - 2 slices of pizza
 m - 3 chunks of flesh
 v - a meat ration
 B - 5 fruits


   Skills:
 + Level 5.3 Fighting
 * Level 6.0 Axes
 - Level 3.6 Armour
 - Level 3.6 Shields


You had 4 spell levels left.
You didn't know any spells.

Dungeon Overview and Level Annotations

Branches:
Dungeon (4/15)
 Temple: D:4-7

Altars:
Nemelex Xobeh

Shops:
D:4 (

Annotations:
D:4 Dowan


Innate Abilities, Weirdness & Mutations

You reflexively headbutt those who attack you in melee.
You have a pair of horns on your head.


Message History

The mummy is heavily damaged.
You are feeling hungry.
The mummy hits you!
You slash the mummy!
You destroy the mummy!
You block the centaur zombie's attack.
You hit the centaur zombie.
The centaur zombie is lightly damaged.
You block the centaur zombie's attack. The centaur zombie hits you.
You hit the centaur zombie but do no damage.
The centaur zombie is lightly damaged.
The centaur zombie closely misses you.
You slash the centaur zombie! You headbutt the centaur zombie.
The centaur zombie is severely damaged.
The centaur zombie hits you but does no damage.
The centaur zombie barely misses you. You furiously retaliate!
You headbutt the centaur zombie. You slash the centaur zombie!
The centaur zombie is almost destroyed.
The centaur zombie hits you but does no damage.
The centaur zombie hits you.
You slash the centaur zombie!
You destroy the centaur zombie!
You slice the hobgoblin zombie!!
You destroy the hobgoblin zombie!
Some of the chunks of flesh in your inventory have rotted away.
You hit the orc zombie.
The orc zombie is moderately damaged.
You block the orc zombie's attack.
Your shield and scale mail prevent you from hitting the orc zombie.
Your headbutt misses the orc zombie.
The orc zombie is moderately damaged.
You block the orc zombie's attack.
You slash the orc zombie!
You destroy the orc zombie!
A mummy comes into view.
You hit the elf zombie.
The elf zombie is lightly damaged.
You block the elf zombie's attack.
You hit the elf zombie.
The elf zombie is lightly damaged.
The elf zombie completely misses you. You furiously retaliate!
You headbutt the elf zombie, but do no damage.
You closely miss the elf zombie.
The elf zombie is lightly damaged.
The elf zombie hits you but does no damage.
You hit the elf zombie but do no damage.
The elf zombie is lightly damaged.
The elf zombie barely misses you.
You hit the elf zombie.
The elf zombie is lightly damaged.
The elf zombie barely misses you.
You closely miss the elf zombie.
The elf zombie is lightly damaged.
The elf zombie hits you.
You closely miss the elf zombie.
The elf zombie is lightly damaged.
The elf zombie hits you but does no damage.
You slash the elf zombie!
The elf zombie is moderately damaged.
The elf zombie hits you but does no damage.
You barely miss the elf zombie.
The elf zombie is moderately damaged.
The elf zombie hits you but does no damage.
You closely miss the elf zombie.
The elf zombie is moderately damaged.
You hit the mummy but do no damage. You barely miss the mummy.
The mummy hits you.
You closely miss the mummy. You block the mummy's attack.
You hit the mummy but do no damage. You headbutt the mummy!
The mummy is moderately damaged.
The mummy hits you!
You hit the mummy.
The mummy is heavily damaged.
You hit the mummy but do no damage. Your headbutt misses the mummy.
The mummy is heavily damaged.
You block the mummy's attack.
Your scale mail prevents you from hitting the mummy.
The mummy is heavily damaged.
The mummy hits you!
* * * LOW HITPOINT WARNING * * *
You feel very mighty all of a sudden.
You closely miss the mummy.
The mummy is heavily damaged.
The mummy hits you.
* * * LOW HITPOINT WARNING * * *
You barely miss the mummy.
The mummy is heavily damaged.
You block the mummy's attack.
You slash the mummy!
You destroy the mummy!
Your Axes skill increases to level 6!
The sentinel's mark upon you fades away.
You slash the rat zombie!
You destroy the rat zombie!
A big kobold zombie comes into view.
You barely miss the elf zombie. You headbutt the elf zombie!!
The elf zombie is severely damaged.
The elf zombie hits you.
You die...

#.........∩∩.........#
#....................#
#...##############...#
#...# #... #...# #...#
#...# #...#
#...####+.... #...#
#...#.....∩.######...#
#...#.......#!??.#...#
#...#.......# #@#...#
#...#.......####Z#...#
#...#....Z.ZZ...Z#...#
#...#.####..####.#...#
#...# #..# #.#...#
#...# #..# ..#...#
#...######..######...#
#....................#
#........8..8........#


You could see a big kobold zombie and an elf zombie.

Vanquished Creatures
  A centaur zombie (Ossuary)
  A hound (D:4)
  3 mummies
  An adder (D:2)
  An adder skeleton (D:4)
  2 worms
  5 dart slugs
  2 leopard geckos
  3 orcs
  8 goblins
  7 hobgoblins
  8 jackals
  A quokka (D:4)
  9 bats
  5 frilled lizards
  10 hobgoblin zombies (Ossuary)
  A jackal zombie (Ossuary)
  9 kobolds
  5 kobold zombies (Ossuary)
  9 orc zombies (Ossuary)
  7 rats
  A rat zombie (Ossuary)
99 creatures vanquished.

Notes
Turn   | Place    | Note
-------+----------+-------------------------------------------
     0 | D:1      | tboon the Minotaur Fighter began the quest for the Orb.
     0 | D:1      | Reached XP level 1. HP: 19/19 MP: 0/0
   114 | D:1      | Reached skill level 3 in Axes
   223 | D:1      | Reached XP level 2. HP: 27/27 MP: 1/1
   393 | D:1      | Reached skill level 4 in Fighting
   708 | D:2      | Reached XP level 3. HP: 28/33 MP: 2/2
   826 | D:2      | Reached skill level 4 in Axes
  1207 | D:3      | Reached XP level 4. HP: 39/41 MP: 3/3
  1429 | D:3      | Found a sparkling altar of Nemelex Xobeh.
  1777 | D:4      | Noticed Dowan
  1938 | D:4      | Found Fuimm's Antique Weapon Shoppe.
  1995 | D:4      | Reached skill level 5 in Axes
  2039 | D:4      | Found a sand-covered staircase.
  2047 | D:4      | Reached skill level 5 in Fighting
  2047 | D:4      | Reached XP level 5. HP: 46/48 MP: 4/4
  2052 | Ossuary  | Entered an ossuary
  2190 | Ossuary  | HP: 5/48 [mummy (14)]
  2194 | Ossuary  | Reached skill level 6 in Axes
  2196 | Ossuary  | Slain by an elf zombie

Vault maps used:
D:1:      doesnt_arrival_goblin_jail
D:2:      first_bread
D:3:      minmay_misc_feat_cross, hex_tiny, minivault_11,
          nemelex_lonely_heart_becter
D:4:      lemuel_castle_with_subvaults, grunt_dithmenos_smoke_and_mirrors,
          gup_ossuary_entry_pyramid, serial_shops, shop, minmay_joined_circles,
          uniq_duvessa, uniq_grinder
Ossuary:  ossuary_tomb_1

Skill      XL: |  1  2  3  4  5 |
---------------+----------------+-----
Axes           | 3 4 5 6 |  6.0
Fighting       | 4 5 |  5.3
Armour         | |  3.6
Shields        | |  3.6

Action                   |  1- 3 |  4- 6 || total
-------------------------+-------+-------++-------
Melee: War axe           |   119 |   132 ||   251
       Headbutt          |    10 |    22 ||    32
  Use: Scroll            |     1 |     1 ||     2
       Potion            |       |     1 ||     1
  Eat: Chunk             |     1 |     3 ||     4
Armor: Scale mail        |    57 |    47 ||   104
Dodge: Dodged            |    36 |    31 ||    67
Block: Shield            |    75 |    49 ||   124

Vault maps used:
D:1:      doesnt_arrival_goblin_jail
D:2:      first_bread
D:3:      minmay_misc_feat_cross, hex_tiny, minivault_11,
          nemelex_lonely_heart_becter
D:4:      lemuel_castle_with_subvaults, grunt_dithmenos_smoke_and_mirrors,
          gup_ossuary_entry_pyramid, serial_shops, shop, minmay_joined_circles,
          uniq_duvessa, uniq_grinder
Ossuary:  ossuary_tomb_1

Table legend:
 A = Turns spent in this place as a percentage of turns spent in the entire game.
 B = Non-inter-level travel turns spent in this place as a percentage of non-inter-level travel turns spent in the entire game.
 C = Inter-level travel turns spent in this place as a percentage of turns spent in this place.
 D = Turns resting spent in this place as a percentage of non-inter-level travel turns spent in this place.
 E = Turns spent auto-exploring this place as a percentage of non-inter-level travel turns spent in this place.
 F = Non-inter-level travel turns spent in this place divided by the number of levels of this place that you've seen.
                   A       B       C       D       E      F
               +-------+-------+-------+-------+-------+----------------------
         Total | 100.0 | 100.0 |   0.4 |   1.7 |  12.2 | 151.4
       Dungeon |  81.7 |  81.6 |   0.5 |   2.1 |  14.7 | 154.5
       Ossuary |  18.3 |  18.4 |   0.0 |   0.0 |   0.7 | 139.0
               +-------+-------+-------+-------+-------+----------------------

Table legend:
 A = Kills in this place as a percentage of kills in entire the game.
 B = Kills by you in this place as a percentage of kills by you in the entire game.
 C = Kills by friends in this place as a percentage of kills by friends in the entire game.
 D = Other kills in this place as a percentage of other kills in the entire game.
 E = Experience gained in this place as a percentage of experience gained in the entire game.
 F = Experience gained in this place divided by the number of levels of this place that you have seen.
                   A       B       C       D       E      F
               +-------+-------+-------+-------+-------+----------------------
         Total | 100.0 | 100.0 |  -nan |  -nan | 100.0 |  63.4
       Dungeon |  70.7 |  70.7 |  -nan |  -nan |  65.6 |  52.0
       Ossuary |  29.3 |  29.3 |  -nan |  -nan |  34.4 | 109.0
               +-------+-------+-------+-------+-------+----------------------
